[Event "Team 45 45 League T38"]
[Site "Internet Chess Club"]
[Date "2008.08.22"]
[Round "5"]
[White "bbentrup"]
[Black "lapau"]
[Result "1-0"]
[WhiteElo "2201"]
[BlackElo "2088"]
[Opening "QGD: Ragozin variation"]
[ECO "D38"]
[Time "15:04:33"]
[TimeControl "2700+45"]

1. d4 d5 2. c4 e6 3. Nc3 Bb4 4. Nf3 Nf6 5. Bg5 Nbd7 6. cxd5 exd5 7. e3 c5 8. Bd3
c4 9. Bf5 Qa5 10. Qc2 O-O 11. O-O Re8 12. Nd2 g6 13. Bxd7 Nxd7 14. Rae1 Nb6 15.
f3 Na4 16. Qxa4 Qxa4 17. Nxa4 Bxd2 18. Re2 Bb4 19. a3 Bf8 20. Nc3 Be6 21. Bf6
Rac8 22. e4 dxe4 23. fxe4 a6 24. h3 b5 25. d5 Bc5+ 26. Kh2 Bd7 27. e5 Bf5 28. d6
Bd7 29. Nd5 Rb8 30. Be7 Kg7 31. Nf6 Rxe7 32. dxe7 Bc6 33. e8=Q Bxe8 34. Nxe8+
Rxe8 35. Rd1 Re7 36. Kg3 g5 37. Rd5 Ba7 38. Kg4 h6 39. Kf5 Bb8 40. Rc5 Re6 41.
Rc8 Ba7 42. Rd2 Bb6 43. Rd6 Rg6 44. Rcc6 Bd4 45. Rxg6+ fxg6+ 46. Rxg6+ Kf7 47.
Rxh6 Bxb2 48. Rxa6 Ke7 49. Ra7+ Kd8 50. Ke4 Kc8 51. e6 Kd8 52. Ke3 Bc1+ 53. Ke2
Bb2 54. Kd1 Ke8 55. Kc2 Bd4 56. Rb7 Bc5 57. Rxb5 Bxa3 58. Rxg5 Ke7 59. Re5 Kf6
60. Re4 {Black resigns} 1-0

[Event "Team 45 45 League T38"]
[Site "Internet Chess Club"]
[Date "2008.08.24"]
[Round "5"]
[White "PopolVuh"]
[Black "DTK"]
[Result "0-1"]
[WhiteElo "1960"]
[BlackElo "2164"]
[Opening "King's Indian: fianchetto, Uhlmann (Szabo) variation"]
[ECO "A25"]
[Time "17:04:11"]
[TimeControl "2700+45"]

1. c4 e5 2. Nc3 Nc6 3. g3 g6 4. Bg2 Bg7 5. Nf3 Nf6 6. O-O O-O 7. d4 d6 8. dxe5
dxe5 9. Bg5 Be6 10. b3 h6 11. Be3 Qe7 12. Nd5 Nxd5 13. cxd5 Rfd8 14. Qc1 Bxd5
15. Bxh6 e4 16. Bxg7 exf3 17. Qh6 f6 {White resigns} 0-1

[Event "Team 45 45 League T38"]
[Site "Internet Chess Club"]
[Date "2008.08.22"]
[Round "5"]
[White "AlonzoMosely"]
[Black "NFork"]
[Result "1-0"]
[WhiteElo "2353"]
[BlackElo "2165"]
[Opening "English: symmetrical, Benoni formation"]
[ECO "A31"]
[Time "09:31:14"]
[TimeControl "2700+45"]

1. d4 Nf6 2. c4 c5 3. Nf3 e6 4. g3 Be7 5. d5 d6 6. Nc3 exd5 7. cxd5 O-O 8. Bg2
a6 9. a4 Nbd7 10. O-O Rb8 11. Rb1 Qc7 12. h3 b5 13. axb5 axb5 14. b4 cxb4 15.
Na2 b3 16. Nb4 Nb6 17. Nd4 Qc4 18. Ndc6 Rb7 19. Bd2 Bf5 20. Rxb3 Ne4 21. Bxe4
Bxe4 22. Rc3 Nxd5 23. Rxc4 bxc4 24. Nxd5 Bxd5 25. Nxe7+ Rxe7 26. Bg5 Re5 27. f4
Rxg5 28. fxg5 Be6 29. Qxd6 Rc8 30. Rb1 g6 31. Rb8 Rxb8 32. Qxb8+ Kg7 33. Qe5+
Kf8 34. g4 Ke7 35. Kf2 Kd7 36. Ke3 Kc6 37. Kd4 Kb6 38. Qc5+ Kb7 39. Qd6 {Black
resigns} 1-0

[Event "Team 45 45 League T38"]
[Site "Internet Chess Club"]
[Date "2008.08.23"]
[Round "5"]
[White "eurander"]
[Black "RONENOSH9"]
[Result "1-0"]
[WhiteElo "2182"]
[BlackElo "2073"]
[Opening "Caro-Kann: anti-Caro-Kann defense"]
[ECO "B10"]
[Time "15:00:09"]
[TimeControl "2700+45"]

1. e4 c6 2. c4 e5 3. Nf3 d6 4. d4 Bg4 5. dxe5 Bxf3 6. Qxf3 dxe5 7. Nc3 Nf6 8.
Be2 Nbd7 9. O-O Qc7 10. Be3 Bc5 11. a3 a5 12. Na4 Bxe3 13. Qxe3 O-O 14. c5 Rfb8
15. b4 b5 16. cxb6 Nxb6 17. Nc5 Nbd7 18. Na6 Rxa6 19. Bxa6 axb4 20. axb4 Rxb4
21. Bd3 g6 22. Rfc1 Rb3 23. Rab1 Ra3 24. Ra1 Rb3 25. Rcb1 Qb8 26. h3 Nf8 27.
Rxb3 Qxb3 28. Rb1 Qc3 29. Rc1 Qb3 30. Rxc6 Ne6 31. Bc4 Qb1+ 32. Kh2 Qxe4 33.
Qxe4 Nxe4 34. Bxe6 fxe6 35. f3 Ng5 36. h4 Nf7 37. Rxe6 Kg7 38. Kg3 h6 39. Kf2 h5
40. Ke3 Kh6 41. Ke4 Kg7 42. Re7 Kf6 43. Rxf7+ Kxf7 44. Kxe5 Ke7 45. f4 {Black
resigns} 1-0

[Event "Team 45 45 League T38"]
[Site "Internet Chess Club"]
[Date "2008.08.24"]
[Round "5"]
[White "Petrozjan"]
[Black "nardz"]
[Result "1-0"]
[WhiteElo "2135"]
[BlackElo "2075"]
[Opening "Queen's pawn game, Darooha variation "]
[ECO "D11"]
[Time "08:37:42"]
[TimeControl "2700+45"]

1. d4 d5 2. Nf3 Nf6 3. c4 c6 4. Qc2 Bg4 5. Ne5 Bh5 6. cxd5 Qxd5 7. e3 e6 8. Nc3
Qd8 9. Bd3 Nbd7 10. f4 Bg6 11. O-O Bxd3 12. Qxd3 Bd6 13. Bd2 O-O 14. Rad1 a6 15.
Be1 Qc7 16. Bh4 b5 17. e4 Bb4 18. Kh1 c5 19. Nxd7 Nxd7 20. d5 c4 21. Qh3 Rfe8
22. e5 Bxc3 23. Qxc3 exd5 24. Rxd5 Nb6 25. Rd2 a5 26. Rfd1 b4 27. Qf3 h6 28. Rd6
Rac8 29. Qh5 Re6 30. Bf2 Rxd6 31. exd6 Qb7 32. Qb5 c3 33. bxc3 bxc3 34. Qxb6 c2
35. Rc1 Qd5 36. Qd4 Qxa2 37. Qd2 Qb1 38. Be3 a4 39. Qa5 Qb7 40. Qxa4 Kh7 41. h3
Rc3 42. Qd4 Rc8 43. Rxc2 Qb1+ 44. Rc1 Rxc1+ 45. Bxc1 Qxc1+ 46. Kh2 Qc8 47. d7
Qd8 48. Qe4+ g6 49. Qe8 Qf6 50. Qb8 {Black resigns} 1-0

[Event "Team 45 45 League T38"]
[Site "Internet Chess Club"]
[Date "2008.08.23"]
[Round "5"]
[White "JustinSane"]
[Black "DavidBarnsley"]
[Result "1/2-1/2"]
[WhiteElo "2073"]
[BlackElo "2051"]
[Opening "Nimzovich-Larsen attack: Indian variation"]
[ECO "A01"]
[Time "15:30:29"]
[TimeControl "2700+45"]

1. b3 Nf6 2. Bb2 g6 3. c4 Bg7 4. Nf3 O-O 5. e3 d6 6. Be2 e5 7. d3 Nc6 8. Nc3 Re8
9. O-O a5 10. a3 e4 11. Nxe4 Nxe4 12. Bxg7 Nxf2 13. Rxf2 Kxg7 14. Qd2 Qe7 15. e4
Bg4 16. Qc3+ f6 17. h3 Bxf3 18. Bxf3 Qe5 19. Rc1 Nd4 20. b4 axb4 21. axb4 c5 22.
Bg4 Ra7 23. Rb2 Rea8 24. Kh1 Ra1 25. Rbb1 R8a3 26. Qe1 Rxb1 27. Rxb1 h5 28. Bd1
b6 29. Qd2 Qg3 30. bxc5 Rxd3 31. Qc1 Qf2 32. cxb6 Rxh3+ {Game drawn by mutual
agreement} 1/2-1/2

[Event "Team 45 45 League T38"]
[Site "Internet Chess Club"]
[Date "2008.08.24"]
[Round "5"]
[White "jordifp"]
[Black "LIVVI"]
[Result "1-0"]
[WhiteElo "1590"]
[BlackElo "1607"]
[Opening "QGD: Chigorin defense, Janowski variation"]
[ECO "D02"]
[Time "15:45:11"]
[TimeControl "2700+45"]

1. d4 d5 2. Nf3 Nc6 3. c4 dxc4 4. Nc3 e6 5. e3 Nf6 6. Bxc4 Bd6 7. O-O O-O 8. a3
a6 9. Qc2 Ne7 10. e4 Bxh2+ 11. Kxh2 Ng6 12. Bg5 h6 13. Bxf6 Qxf6 14. Ne2 e5 15.
dxe5 Nxe5 16. Nxe5 Qxe5+ 17. Ng3 Qf4 18. Kg1 Rd8 19. Rad1 Be6 20. Bxe6 fxe6 21.
Qb3 Kf7 22. Rxd8 Rxd8 23. Qxb7 Rd2 24. Qb4 Rc2 25. Qd4 Qd2 26. Rd1 Qxd4 27. Rxd4
Ke7 28. Rb4 Kd6 29. Nh5 g6 30. Nf4 Rc1+ 31. Kh2 g5 32. Nd3 Rc2 33. Kg3 a5 34.
Rb3 e5 35. Rb5 c5 36. Rxa5 Kc6 37. Nxe5+ Kb6 38. Ra8 Kb7 39. Rh8 Rxb2 40. Rxh6
Rb3+ 41. f3 Rxa3 42. Rh7+ Kc8 43. Rg7 Ra4 44. Rxg5 c4 45. Nxc4 Rxc4 46. Kf4 Kd7
47. g3 Ke6 48. Rg6+ Kf7 49. Rd6 Ke7 50. Rd3 Ke6 51. g4 Rc8 52. g5 Rf8+ 53. Kg4
Rh8 54. f4 Rh1 55. Re3 Rg1+ 56. Kh5 Rh1+ 57. Kg6 Rf1 58. f5+ Ke5 59. f6 Ra1 60.
f7 Ra6+ 61. Kg7 Ra7 62. g6 Kf4 63. Re1 Kg5 64. e5 Rb7 65. e6 Rc7 66. e7 Rc6 67.
Rg1+ Kh5 68. f8=Q Rf6 69. Qh8# {Black checkmated} 1-0

[Event "Team 45 45 League T38"]
[Site "Internet Chess Club"]
[Date "2008.08.24"]
[Round "5"]
[White "klutzer"]
[Black "lafuga3"]
[Result "0-1"]
[WhiteElo "1603"]
[BlackElo "1617"]
[Opening "Queen's pawn"]
[ECO "A40"]
[Time "15:38:19"]
[TimeControl "2700+45"]

1. d4 e6 2. Nf3 f5 3. c4 d5 4. cxd5 exd5 5. e3 Nf6 6. Nc3 c6 7. Bd3 Bd6 8. Ne5
O-O 9. O-O Nbd7 10. Nxd7 Bxd7 11. f3 Qc7 12. f4 Rae8 13. Bd2 Ne4 14. Rf3 Kh8 15.
Rh3 Re6 16. Bxe4 fxe4 17. g4 Rg6 18. Rg3 Qc8 19. h3 Rh6 20. Qe2 Rxh3 21. Rxh3
Bxg4 22. Rxh7+ Kxh7 23. Qh2+ Kg8 24. Be1 Rf6 25. Bg3 Rh6 26. Qf2 Bf3 27. Ne2
Rh1# {White checkmated} 0-1

[Event "Team 45 45 League T38"]
[Site "Internet Chess Club"]
[Date "2008.08.22"]
[Round "5"]
[White "Camalleo"]
[Black "nathesh"]
[Result "1-0"]
[WhiteElo "1599"]
[BlackElo "1497"]
[Opening "Scotch game"]
[ECO "C45"]
[Time "14:03:22"]
[TimeControl "2700+45"]

1. e4 e5 2. Nf3 Nc6 3. d4 exd4 4. Nxd4 Bc5 5. Be3 Qf6 6. c3 Nge7 7. Bc4 d6 8.
O-O O-O 9. f4 Qg6 10. Nd2 Bh3 11. Rf2 Rfe8 12. f5 Nxf5 13. exf5 Qg4 14. Be2 Qh4
15. N2f3 Qf6 16. Bg5 Nxd4 17. cxd4 Qxf5 18. dxc5 Bg4 19. cxd6 cxd6 20. Qd2 Rac8
21. Nd4 Qd5 22. Bxg4 Re4 23. Bxc8 Rxd4 24. Re1 h6 25. Re8+ Kh7 26. Qc2+ g6 27.
Bf6 Rd1+ 28. Qxd1 Qxd1+ 29. Rf1 Qc2 30. Rh8# {Black checkmated} 1-0

[Event "Team 45 45 League T38"]
[Site "Internet Chess Club"]
[Date "2008.08.24"]
[Round "5"]
[White "arconia"]
[Black "QuimCatala"]
[Result "0-1"]
[WhiteElo "1319"]
[BlackElo "1283"]
[Opening "Sicilian defense"]
[ECO "B30"]
[Time "10:00:15"]
[TimeControl "2700+45"]

1. e4 c5 2. Nf3 Nc6 3. Bc4 e5 4. O-O Nf6 5. Nc3 d6 6. h3 Nd4 7. Ng5 Be6 8. Nxe6
fxe6 9. d3 d5 10. Bb3 a6 11. a4 Be7 12. f4 Bd6 13. exd5 exf4 14. dxe6 Qc7 15.
Nd5 Nxd5 16. Bxd5 Rf8 17. Qh5+ g6 18. Qg5 Ne2+ 19. Kf2 Rf5 20. Qh4 Ng3 21. Bf3
Bf8 22. Re1 g5 23. Qh5+ Nxh5 24. Bxh5+ Kd8 25. Bg4 Rf6 26. Bd2 c4 27. d4 Ke7 28.
Bb4+ Kd8 29. e7+ Bxe7 30. Bxe7+ Qxe7 31. Rxe7 Kxe7 32. Re1+ Kd6 33. Re5 h6 34.
Bf3 Rb8 35. Rd5+ Ke7 36. Rc5 b5 37. d5 bxa4 38. Rc7+ Kd6 39. Rc6+ Ke7 40. Rc7+
Kd6 41. Rc6+ Ke5 42. Rxc4 Rxb2 43. Be4 a3 44. Rc6 Rxc6 45. dxc6 Kxe4 46. c7
Rxc2+ {White resigns} 0-1

[Event "Team 45 45 League T38"]
[Site "Internet Chess Club"]
[Date "2008.08.23"]
[Round "5"]
[White "parrot9"]
[Black "Elita499"]
[Result "1/2-1/2"]
[WhiteElo "1749"]
[BlackElo "1699"]
[Opening "Scotch game"]
[ECO "C45"]
[Time "08:16:38"]
[TimeControl "2700+45"]

1. e4 e5 2. Nf3 Nc6 3. d4 exd4 4. Nxd4 d6 5. Nc3 Nge7 6. Bg5 Bd7 7. Bc4 h6 8.
Bh4 g5 9. Bg3 Bg7 10. Nde2 Be6 11. Bxe6 fxe6 12. Qd2 Qd7 13. h4 O-O-O 14. O-O-O
Bf6 15. hxg5 Bxg5 16. f4 Bf6 17. Rh5 e5 18. fxe5 dxe5 19. Qxd7+ Rxd7 20. Rxd7
Kxd7 21. Bh4 {Game drawn by mutual agreement} 1/2-1/2

[Event "Team 45 45 League T38"]
[Site "Internet Chess Club"]
[Date "2008.08.23"]
[Round "5"]
[White "rayngrant"]
[Black "ElmerHo"]
[Result "1/2-1/2"]
[WhiteElo "1517"]
[BlackElo "1613"]
[Opening "Petrov: Cozio (Lasker) attack"]
[ECO "C42"]
[Time "21:02:28"]
[TimeControl "2700+45"]

1. e4 e5 2. Nf3 Nf6 3. Nxe5 d6 4. Nf3 Nxe4 5. Qe2 Qe7 6. d3 Nf6 7. Bg5 Qxe2+ 8.
Bxe2 Be7 9. Nc3 c6 10. O-O-O Na6 11. Rhe1 Nc7 12. d4 d5 13. Bd3 Ne6 14. Bh4 O-O
15. a3 Re8 16. Bf5 h6 17. Bg3 Nf8 18. Bxc8 Raxc8 19. Re2 Ng6 20. Rde1 Kf8 21.
Nh4 Nxh4 22. Bxh4 g5 23. Bg3 Ng8 24. h3 f5 25. Be5 Bf6 26. g3 Bxe5 27. Rxe5 Rxe5
28. Rxe5 Ne7 29. f4 Kf7 30. Ne2 Re8 31. g4 fxg4 32. hxg4 Ng6 33. Rxe8 Kxe8 34.
f5 Ne7 35. Kd2 Ng8 36. Ke3 Nf6 37. Kf3 Ke7 38. Ng3 b6 39. b3 c5 40. c3 a5 {Game
drawn by mutual agreement} 1/2-1/2

[Event "Team 45 45 League T38"]
[Site "Internet Chess Club"]
[Date "2008.08.22"]
[Round "5"]
[White "civilization"]
[Black "OOB1"]
[Result "1-0"]
[WhiteElo "1607"]
[BlackElo "1504"]
[Opening "Sicilian: Alapin's variation (2.c3)"]
[ECO "B22"]
[Time "21:03:32"]
[TimeControl "2700+45"]

1. e4 c5 2. c3 d5 3. exd5 Qxd5 4. d4 cxd4 5. cxd4 Nc6 6. Nf3 e5 7. Nc3 Bb4 8.
Bd2 Bxc3 9. Bxc3 Bg4 10. Be2 e4 11. Ne5 Bxe2 12. Qxe2 Nxd4 13. Bxd4 f6 14. Nf3
Ne7 15. Nd2 Qxd4 16. Qb5+ Qd7 17. Qxd7+ Kxd7 18. Nxe4 Rhc8 19. Kd2 Rc4 20. Ng3
Rd8 21. Rac1 Ke8+ 22. Ke2 Rcd4 23. Rhd1 Rxd1 24. Rxd1 Rxd1 25. Kxd1 Kd7 26. Kd2
f5 27. Nh5 g6 28. Nf6+ Ke6 29. Nxh7 Ke5 30. g3 f4 31. Nf8 fxg3 32. hxg3 Ke4 33.
Ke2 g5 34. Ne6 Kf5 35. Nd4+ Ke4 36. Nb5 Nc6 37. Nd6+ Ke5 38. Nxb7 Nd4+ 39. Ke3
Nc2+ 40. Kd2 Nb4 41. a3 Na6 42. Ke3 Nc7 43. f4+ gxf4+ 44. gxf4+ Ke6 45. Ke4 Nb5
46. f5+ Kf6 47. Kf4 Nd4 48. Nd6 Ne2+ 49. Kf3 Ng1+ 50. Kf2 Nh3+ 51. Kg3 Ng1 52.
Kg4 a6 53. Ne4+ Ke5 54. f6 Ke6 55. Kg5 Nf3+ 56. Kg6 Ne5+ 57. Kg7 Nd7 58. f7 Ke7
59. Nc5 Nf8 60. Nxa6 Ne6+ 61. Kg8 Nf8 62. Nc5 Ng6 63. Kg7 Nf8 64. b4 Nd7 65.
Nxd7 Kxd7 66. f8=Q Kc6 67. Qc5+ Kd7 68. b5 Ke6 69. a4 Kd7 70. Kf7 {Black
resigns} 1-0

[Event "Team 45 45 League T38"]
[Site "Internet Chess Club"]
[Date "2008.08.25"]
[Round "5"]
[White "Fidelian"]
[Black "Invicta-Knight"]
[Result "1/2-1/2"]
[WhiteElo "1301"]
[BlackElo "1519"]
[Opening "Scandinavian defense"]
[ECO "B01"]
[Time "14:06:29"]
[TimeControl "2700+45"]

1. e4 d5 2. exd5 Nf6 3. Nf3 Nxd5 4. c4 Nf6 5. d4 Bg4 6. Be2 c6 7. Nc3 Nbd7 8.
O-O Nb6 9. b3 e6 10. a3 Bxf3 11. Bxf3 Qc7 12. Qe2 Be7 13. Bb2 O-O-O 14. d5 exd5
15. cxd5 Nbxd5 16. Nxd5 Nxd5 17. Bxd5 Rxd5 18. Qg4+ Kb8 19. Qxg7 Rf8 20. Rad1
Rh5 21. g3 Qc8 22. Rd4 Qh3 23. Rh4 Rxh4 24. gxh4 Qxh4 25. Qe5+ Ka8 26. Kh1 Rd8
27. Qe3 Bd6 28. Be5 Re8 29. Bg3 Rxe3 30. Bxh4 Rxb3 31. Rd1 Bb8 32. Rd8 b5 33.
Bg3 Rxg3 34. hxg3 c5 35. Rd5 a6 36. Rxc5 Ba7 37. Rd5 Bxf2 38. Kg2 Be3 39. Rd8+
Kb7 40. Rd7+ Kb6 41. Rxf7 h6 42. Rf6+ Ka5 43. Rf3 Bg5 44. g4 Ka4 45. Rd3 Ka5 46.
Kf3 Bc1 47. Rc3 Bg5 48. Ke2 Ka4 49. Kd1 Ka5 50. Kc2 Ka4 51. Kb1 Ka5 52. Ka2 Ka4
53. Rc6 Ka5 54. Kb3 Bd2 55. Rd6 Bg5 56. Ka2 Bc1 57. Kb3 Bg5 58. Re6 Bd2 59. Re4
Bg5 60. a4 bxa4+ 61. Rxa4+ Kb5 62. Rb4+ Ka5 63. Re4 Kb5 64. Re5+ Kb6 65. Ka4 Bd2
66. Re6+ Kb7 67. Rd6 Bf4 68. Rf6 Bd2 69. Kb3 Bg5 70. Re6 Bf4 71. Kc4 Bg5 72. Kd5
Bd2 73. Rc6 Bf4 74. Re6 Bg5 75. Kc5 Bd2 76. Re7+ Kc8 77. Kb6 Kd8 78. Rh7 a5 79.
Kc6 Bg5 80. Ra7 Ke8 81. Rxa5 Kf7 82. Rf5+ Ke6 83. Kb5 Kd7 84. Kc5 Ke6 85. Kd4
Bf6+ 86. Ke4 Bg5 87. Kd4 Bf6+ 88. Kc5 Bg5 89. Kc6 Bd8 90. Kc5 Bg5 91. Kd4 Bf6+
92. Ke4 Bg5 93. Rb5 Bd8 94. Re5+ Kf6 95. Kd5 Kg6 96. Ke6 Bf6 97. Rf5 Bg5 98. Rf8
Kg7 99. Rc8 Kh7 100. Kf5 Kg7 101. Rc7+ Kf8 102. Kg6 Ke8 103. Rf7 Bc1 104. Rh7
Bd2 105. Rh8+ Ke7 106. Rxh6 Bxh6 107. Kxh6 Kf7 108. g5 Kg8 109. g6 Kh8 110. Kg5
Kg7 111. Kf5 Kg8 112. Kf6 Kf8 113. g7+ Kg8 114. Ke5 Kxg7 {Game drawn because
neither player has mating material} 1/2-1/2

[Event "Team 45 45 League T38"]
[Site "Internet Chess Club"]
[Date "2008.08.23"]
[Round "5"]
[White "trophyking"]
[Black "SuperPeon"]
[Result "1-0"]
[WhiteElo "2271"]
[BlackElo "2164"]
[Opening "Old Indian: Janowski variation"]
[ECO "A53"]
[Time "10:41:28"]
[TimeControl "2700+45"]

1. d4 Nf6 2. c4 d6 3. Nc3 Bf5 4. g3 Qc8 5. Bg2 g6 6. e4 Bd7 7. f4 c5 8. d5 Bg7
9. Nf3 Bh3 10. O-O Bxg2 11. Kxg2 O-O 12. e5 dxe5 13. fxe5 Ng4 14. Qe2 h5 15. h3
Nh6 16. Nh4 e6 17. Bxh6 Bxh6 18. dxe6 Qxe6 19. Rf6 Qe8 20. e6 Kg7 21. Raf1 Bg5
22. Rxf7+ Rxf7 23. Rxf7+ Kh6 24. Qe5 Qg8 25. Ne4 Be3 26. Nf6 {Black resigns} 1-0

[Event "Team 45 45 League T38"]
[Site "Internet Chess Club"]
[Date "2008.08.29"]
[Round "5"]
[White "BrooklynDonnie"]
[Black "FriedEggs"]
[Result "0-1"]
[WhiteElo "2146"]
[BlackElo "1897"]
[Opening "Ruy Lopez: Berlin defense, open variation"]
[ECO "C67"]
[Time "19:16:07"]
[TimeControl "2700+45"]

1. e4 e5 2. Nf3 Nc6 3. Bb5 Nf6 4. O-O Nxe4 5. d4 Nd6 6. Bxc6 dxc6 7. dxe5 Nf5 8.
Qxd8+ Kxd8 9. Nc3 Ke8 10. h3 Be7 11. g4 Nh4 12. Nxh4 Bxh4 13. Rd1 h5 14. f3 Be6
15. Kg2 Rd8 16. Be3 b6 17. b3 Be7 18. Rxd8+ Kxd8 19. Rd1+ Ke8 20. g5 Bf5 21. Ne4
Bxe4 22. fxe4 a5 23. Kf3 g6 24. Bf4 Bd8 25. c4 Ke7 26. c5 b5 27. Bd2 Ke6 28.
Bxa5 Be7 29. Kf4 Ra8 30. b4 Rd8 31. Rxd8 Bxd8 32. h4 Kd7 33. Ke3 Be7 34. Kd3 Bf8
35. Kc3 Bg7 36. Kd4 Bh8 37. Ke3 Bxe5 38. Kf3 Ke6 39. Kf2 f6 40. gxf6 Kxf6 41.
Kg2 g5 42. Kh3 g4+ 43. Kg2 Ke6 44. Kf2 Ke7 45. a3 Kd8 46. Kg2 Kd7 47. Kf2 Bc3
48. Ke3 Be1 49. Kf4 Bxh4 50. e5 Bd8 51. Kg3 Ke6 52. Kf4 Kd5 {White resigns} 0-1

[Event "Team 45 45 League T38"]
[Site "Internet Chess Club"]
[Date "2008.08.26"]
[Round "5"]
[White "Emrebey"]
[Black "fishhead"]
[Result "0-1"]
[WhiteElo "1602"]
[BlackElo "1874"]
[Opening "English opening"]
[ECO "A15"]
[Time "13:58:47"]
[TimeControl "2700+45"]

1. c4 Nf6 2. Nf3 g6 3. g3 Bg7 4. Bg2 O-O 5. O-O d6 6. Nc3 Nbd7 7. Re1 c6 8. h3
e5 9. d3 Qc7 10. e4 h6 11. Rb1 Re8 12. b4 Nf8 13. b5 Be6 14. a4 a5 15. Nh2 N6d7
16. Ng4 Kh7 17. f4 exf4 18. gxf4 f5 19. bxc6 bxc6 20. exf5 gxf5 21. Nb5 cxb5 22.
Bxa8 Rxa8 23. Ne3 b4 24. Bb2 Nc5 25. Bxg7 Qxg7+ 26. Kh2 Qd4 27. Qf3 Ra7 28. Rbd1
Ng6 29. Rf1 Rg7 30. Nc2 Qf6 31. d4 Ne4 32. d5 Bd7 33. Ra1 Nd2 34. Qe2 Nxf1+ 35.
Rxf1 Re7 36. Qf2 Bxa4 37. Nd4 Bd7 38. Rg1 Re4 39. Nb5 Qe7 40. Qg3 Re2+ 41. Kh1
Qe4+ 42. Rg2 Qxg2+ 43. Qxg2 Rxg2 44. Kxg2 Bxb5 45. cxb5 Nxf4+ 46. Kf3 Nxd5 47.
Ke2 a4 48. Kd3 Nb6 {White resigns} 0-1

[Event "Team 45 45 League T38"]
[Site "Internet Chess Club"]
[Date "2008.08.23"]
[Round "5"]
[White "pishd"]
[Black "dmcheng"]
[Result "1/2-1/2"]
[WhiteElo "1783"]
[BlackElo "1513"]
[Opening "Queen's pawn, Mason variation"]
[ECO "D00"]
[Time "14:04:38"]
[TimeControl "2700+45"]

1. d4 d5 2. Bf4 Nf6 3. e3 e6 4. Bd3 c5 5. c3 Nc6 6. Nd2 c4 7. Bc2 b5 8. a3 a5 9.
Ngf3 Bb7 10. O-O b4 11. e4 Be7 12. Re1 O-O 13. e5 Nd7 14. Bb1 Re8 15. Kh1 Nf8
16. Nf1 Rb8 17. axb4 axb4 18. Bd2 Ra8 19. Rxa8 Qxa8 20. Qc2 bxc3 21. Bxc3 Nb4
22. Qd2 Na2 23. Bxa2 Qxa2 24. Ne3 Qa4 25. Nd1 Bc6 26. h3 Rb8 27. Kh2 Bb4 28. Re2
Ng6 29. g3 h6 30. h4 Ne7 31. Bxb4 Qxb4 32. Qxb4 Rxb4 33. Nc3 Ba4 34. g4 Nc6 35.
Kg3 Bb3 36. Kf4 Rb8 37. Rd2 Nb4 38. Ne1 f6 39. exf6 gxf6 40. Ke3 Kf7 41. f4 Na2
42. Nf3 Nc1 43. Ne1 Na2 44. Nf3 Nc1 45. Ne1 Na2 {Game drawn by repetition}
1/2-1/2

[Event "Team 45 45 League T38"]
[Site "Internet Chess Club"]
[Date "2008.08.25"]
[Round "5"]
[White "therealwizard"]
[Black "Flying-Tiger"]
[Result "1-0"]
[WhiteElo "2170"]
[BlackElo "1820"]
[Opening "Neo-Grünfeld defense"]
[ECO "D70"]
[Time "20:00:28"]
[TimeControl "2700+45"]

1. d4 Nf6 2. Nf3 g6 3. c4 d5 4. cxd5 Nxd5 5. e4 Nf6 6. Nc3 Bg7 7. h3 O-O 8. Bc4
c5 9. Qa4 cxd4 10. Nxd4 Nxe4 11. Nxe4 Qxd4 12. O-O Bd7 13. Qc2 b5 14. Bd3 Rc8
15. Qe2 Bf5 16. Rd1 Nc6 17. g4 Bxe4 18. Bxe4 Qe5 19. Qf3 Qf6 20. Bf4 e5 21. Be3
Qxf3 22. Bxf3 f5 23. Bd5+ Kh8 24. Rac1 f4 25. Bxc6 fxe3 26. Bxa8 exf2+ 27. Kxf2
Rxa8 28. Rc7 Rf8+ 29. Ke2 a6 30. Rdd7 Bf6 31. g5 e4 {Black resigns} 1-0

[Event "Team 45 45 League T38"]
[Site "Internet Chess Club"]
[Date "2008.08.22"]
[Round "5"]
[White "Wheels"]
[Black "decox"]
[Result "0-1"]
[WhiteElo "1904"]
[BlackElo "2043"]
[Opening "Sicilian: Grand Prix attack"]
[ECO "B23"]
[Time "19:59:02"]
[TimeControl "2700+45"]

1. e4 c5 2. Nc3 Nc6 3. f4 g6 4. Nf3 Bg7 5. Bb5 Nd4 6. O-O Nxb5 7. Nxb5 a6 8. Nc3
b5 9. d4 cxd4 10. Nxd4 d6 11. Be3 Bb7 12. a3 Nf6 13. Qd3 Ng4 14. Rae1 Nxe3 15.
Rxe3 Qb6 16. Nf3 O-O 17. Kh1 Rac8 18. e5 dxe5 19. Nxe5 Rfd8 20. Qe2 e6 21. Rd1
Rxd1+ 22. Nxd1 Qd4 23. Nd3 Rd8 24. Nc3 Qc4 25. Nd1 a5 26. c3 b4 27. axb4 axb4
28. cxb4 Ba6 29. N1f2 Bd4 30. Re4 Bb7 31. Rxd4 Qxd4 32. b5 Qd5 33. Ne1 Rc8 34.
h3 Rc1 35. Nd3 Ra1 36. Kh2 Qxb5 37. Qc2 Qc6 38. Qd2 Qd5 39. Qe2 Ba6 40. Qc2 Bxd3
41. Nxd3 Ra8 42. b3 Rd8 43. Ne5 Qd2 44. Qe4 Qd4 45. Qf3 Qd5 46. Qg3 Rb8 47. Qg5
Kg7 48. Qe7 Rb7 49. Qh4 Rxb3 50. Ng4 Qf5 51. Qh6+ Kg8 52. Ne5 Qh5 53. Qxh5 gxh5
54. g4 hxg4 55. hxg4 Kg7 {White resigns} 0-1

[Event "Team 45 45 League T38"]
[Site "Internet Chess Club"]
[Date "2008.08.26"]
[Round "5"]
[White "Fuzzie"]
[Black "dalfonso"]
[Result "0-1"]
[WhiteElo "1783"]
[BlackElo "1870"]
[Opening "Sicilian: closed"]
[ECO "B24"]
[Time "18:01:30"]
[TimeControl "2700+45"]

1. e4 c5 2. Nc3 g6 3. g3 Bg7 4. Bg2 Nc6 5. d3 e6 6. Be3 Nd4 7. Qd2 Ne7 8. Nge2
Nec6 9. Nd1 d6 10. O-O Nxe2+ 11. Qxe2 O-O 12. Qd2 Bd7 13. Bh6 Qe7 14. Bxg7 Kxg7
15. f4 f5 16. exf5 gxf5 17. Ne3 h5 18. h4 Qf6 19. Bf3 Kh6 20. c3 Rg8 21. Kh2 Rg7
22. Rg1 Rb8 23. Nc4 Qf8 24. Qe2 b5 25. Ne3 Qf7 26. Nd1 Ne7 27. Nf2 Bc6 28. Nh3
Bxf3 29. Qxf3 Ng8 30. Ng5 Qd7 31. Rge1 Re7 32. Re2 Nf6 33. Rae1 Rbe8 34. Nh3
Ng4+ 35. Kg2 Kg6 36. Nf2 Kf6 37. Nxg4+ hxg4 38. Qe3 Qc6+ 39. Kf2 Qd5 40. d4 cxd4
41. Qxd4+ Qxd4+ 42. cxd4 Rc8 43. d5 e5 44. fxe5+ Rxe5 45. Rxe5 dxe5 46. Re2 Rc5
47. Rd2 Ke7 48. Ke3 Kd6 49. Rf2 Kxd5 50. Rxf5 Rc2 51. Rf2 Rc1 52. Rd2+ Ke6 53.
Ke4 Re1+ 54. Re2 Rxe2+ {White resigns} 0-1

[Event "Team 45 45 League T38"]
[Site "Internet Chess Club"]
[Date "2008.08.24"]
[Round "5"]
[White "SugarIslander"]
[Black "mickeys"]
[Result "0-1"]
[WhiteElo "1673"]
[BlackElo "1895"]
[Opening "French: Winawer, advance, 6...Ne7"]
[ECO "C18"]
[Time "18:00:30"]
[TimeControl "2700+45"]

1. e4 e6 2. d4 d5 3. Nc3 Bb4 4. e5 Ne7 5. a3 Bxc3+ 6. bxc3 c5 7. h4 Nbc6 8. Rh3
Qb6 9. Nf3 f6 10. h5 fxe5 11. Nxe5 cxd4 12. cxd4 Qxd4 13. Qxd4 Nxd4 14. Bd3 Nec6
15. Bf4 O-O 16. Nxc6 Rxf4 17. Ne7+ Kf8 18. Nxc8 Rxc8 19. Ra2 h6 20. a4 e5 21. f3
e4 22. fxe4 dxe4 23. Bb5 Nxc2+ 24. Ke2 Nb4 25. Rd2 a6 26. Ke3 Rf7 27. Be2 Re7
28. Rh4 Nc2+ 29. Kf4 Kf7 30. Bd1 e3 31. Re2 Rc4+ 32. Kg3 Rxh4 33. Kxh4 Nd4 34.
Re1 e2 35. Bxe2 Rxe2 36. Rf1+ Ke6 37. g4 Re4 38. Rb1 Nf5+ 39. Kh3 Nd6 40. Rc1
Rxa4 41. Rc7 Kf6 42. Rd7 Rd4 43. Rd8 Rd3+ 44. Kg2 Ke7 45. Rg8 Kf7 46. Rd8 Rd2+
47. Kf3 Rd4 48. Rd7+ Kf6 49. Rc7 b5 50. Rc6 a5 51. Ke3 Rd5 52. Ra6 b4 53. Ra8
Nc4+ 54. Ke4 Re5+ 55. Kd4 Nd6 56. Rf8+ Ke6 57. Rg8 Re4+ 58. Kc5 Rxg4 59. Ra8
Rg5+ 60. Kb6 Rxh5 61. Rg8 Rg5 62. Ra8 h5 63. Rh8 b3 64. Ka7 b2 65. Rb8 Rb5 66.
Rb7 b1=Q 67. Ka8 Qe4 68. Ka7 Qxb7# {White checkmated} 0-1